 Dungeon Crawl Stone Soup version 0.26-a0-58-g79b31b8662 (webtiles) character file.

Game seed: 6831935642613844954

42 Argons the Sneak (level 3, 0/19 HPs)
             Began as a Kobold Wizard on June 8, 2020.
             Succumbed to an adder's poison
             ... on level 2 of the Dungeon.
             The game lasted 00:06:36 (1507 turns).

Argons the Sneak (Kobold Wizard)                    Turns: 1507, Time: 00:06:36

Health: 0/19       AC:  2    Str:  5    XL:     3   Next: 77%
Magic:  1/7        EV: 16    Int: 19    God:
Gold:   68         SH:  0    Dex: 13    Spells: 7/8 levels left

rFire    + . .     SeeInvis .   j - +0 dagger
rCold    + . .     Gourm    .   (shield restricted)
rNeg     . . .     Faith    .   a - +0 robe
rPois    +         Spirit   .   b - +0 hat
rElec    +         Reflect  .   (no cloak)
rCorr    +         Harm     .   (no gloves)
MR       .....                  (no boots)
Stlth    ++........             (no amulet)
HPRegen  0.06/turn              (no ring)
MPRegen  0.10/turn              (no ring)

@: lethally poisoned (0 -> -7), resistant, stab, very slightly contaminated
A: small, carnivore
a: no special abilities


You were on level 2 of the Dungeon.
You were completely stuffed.

You visited 1 branch of the dungeon, and saw 2 of its levels.

You collected 68 gold pieces.

Inventory:

Hand Weapons
 j - a +0 dagger (weapon)
 k - a +0 hunting sling
Missiles
 f - 20 stones (quivered)
Armour
 a - a +0 robe (worn)
 b - a +0 hat (worn)
Jewellery
 e - an uncursed amulet of faith {unknown}
Scrolls
 g - a scroll of amnesia {unknown}
 i - a scroll of enchant weapon {unknown}
 l - a scroll of teleportation {unknown}
 m - a scroll of fog {unknown}
Comestibles
 d - 2 rations


   Skills:
 + Level 1.1 Short Blades
 + Level 3.6 Dodging
 - Level 4.0 Stealth
 - Level 3.2 Spellcasting
 - Level 1.0 Conjurations
   Level 1.0 Summonings
   Level 1.0 Translocations


You had 7 spell levels left.
You knew the following spells:

 Your Spells              Type           Power        Failure   Level  Hunger
a - Magic Dart            Conj           #...         10%         1    None

Your spell library contained the following spells:

 Spells                   Type           Power        Failure   Level  Hunger
 Blink                    Tloc           N/A          16%         2    ##.....
 Call Imp                 Summ           #.......     16%         2    ##.....
 Slow                     Hex            #.......     22%         2    ##.....
 Conjure Flame            Conj/Fire      #.......     36%         3    ###....
 Mephitic Cloud           Conj/Pois/Air  #.......     36%         3    ###....


Dungeon Overview and Level Annotations

Branches:
Dungeon (2/15)

Altars:
Dithmenos


Innate Abilities, Weirdness & Mutations

You are small and have problems with some larger weapons.
You are carnivorous and can eat meat at any time.


Message History

Aiming: Magic Dart (safe; 10% risk of failure)
Press: ? - help, Shift-Dir - straight line, f/p - adder
Aim: an adder (severely wounded)
The magic dart hits the adder.
The adder is almost dead.
You feel sick. The adder bites you.
* * * LOW HITPOINT WARNING * * *
Casting: Magic Dart (safe; 10% risk of failure)
Confirm with . or Enter, or press ? or * to list all spells.
Aiming: Magic Dart (safe; 10% risk of failure)
Press: ? - help, Shift-Dir - straight line, f/p - adder
Aim: an adder (severely wounded)
The magic dart hits the adder.
You kill the adder!
Your Short Blades skill increases to level 1!
It was a potion of stabbing.
You feel ready to backstab.
It was a potion of resistance.
You feel protected.
You die...

#......(...#####.#.#
############ #.#.#
#####.#.### ## #......<..#
.# #.###.#.#.# .# #.#
#.#..... .# #<# #.###.###
.# #.# #.# .# .# #.# #@# #
#.# .# #.# #.†.........
#### .# #.#######.####.#
#... .# #.)##...## ..# #.##
## #.##.....## #.# ##.##
#.#.......# #.#.##...
#.#.#._.#.####.#.##..#
#####
####...##.##.............
....
..........###...###.#.##..#


There were no monsters in sight!

Vanquished Creatures
  2 adders (D:2)
  A dart slug (D:2)
  4 goblins (D:2)
  4 hobgoblins
  3 jackals (D:2)
  3 bats
  2 frilled lizards (D:2)
  2 kobolds
  A rat (D:2)
22 creatures vanquished.

Notes
Turn   | Place    | Note
-------+----------+-------------------------------------------
     0 | D:1      | Argons the Kobold Wizard began the quest for the Orb.
     0 | D:1      | Reached XP level 1. HP: 10/10 MP: 4/4
   475 | D:2      | Reached skill level 3 in Stealth
   568 | D:2      | Reached XP level 2. HP: 15/15 MP: 6/6
   935 | D:2      | Reached XP level 3. HP: 19/19 MP: 3/7
  1172 | D:2      | Found a shadowy altar of Dithmenos.
  1196 | D:2      | Reached skill level 4 in Stealth
  1505 | D:2      | Reached skill level 1 in Short Blades
  1507 | D:2      | Succumbed to an adder's poison

Illustrated notes

Levels and vault maps discovered:
D:1:      dpeg_arrival_pond, layout_basic, serial_curves, eino_curves_02,
          eino_curves_02
D:2:      layout_loops_ring, nicolae_dithmenos_through_a_glass_darkly

Skill      XL: |  1  2  3 |
---------------+----------+-----
Stealth        | 3 4 |  4.0
Dodging        | 3 |  3.6
Short Blades   | 1 |  1.1
Spellcasting   | |  3.2
Conjurations   | |  1.0
Summonings     | |  1.0
Translocations | |  1.0

Action                   || total
-------------------------++-------
Melee: Dagger            ||    12
Throw: Stone             ||     7
 Cast: Magic Dart        ||    59
  Use: Potion            ||     2
 Stab: Distracted        ||     1
  Eat: Chunk             ||    10
Armor: Robe              ||     7
Dodge: Dodged            ||    22

Table legend:
 A = Non-vault XP
 B = Vault XP
 C = Vault XP percentage of total XP
 D = Non-vault monster count
 E = Vault monster count
 F = Vault count percentage of total count
                 A         B        C        D         E       F
            +---------+---------+-------+---------+---------+-------
      Total |      60 |       0 |   0.0 |      22 |       0 |   0.0
            +---------+---------+-------+---------+---------+-------
        D:1 |       4 |       0 |   0.0 |       3 |       0 |   0.0
        D:2 |      56 |       0 |   0.0 |      19 |       0 |   0.0
            +---------+---------+-------+---------+---------+-------
